 Dungeon Crawl Stone Soup version 0.23.2-11-gf996548 (webtiles) character file.

Game seed: 554423511827725848

93 Fang the Skirmisher (level 4, 0/29 HPs)
             Began as a Gargoyle Berserker on June 6, 2019.
             Was a Believer of Trog.
             Slain by a gnoll (4 damage)
             ... on level 2 of the Dungeon.
             The game lasted 00:00:53 (1132 turns).

Fang the Skirmisher (Gargoyle Berserker)            Turns: 1132, Time: 00:00:53

Health: 0/29       AC:  5    Str: 22    XL:     4   Next: 61%
Magic:  4/4        EV: 12    Int:  7    God:    Trog [**....]
Gold:   46         SH:  0    Dex:  9    Spells: 3/3 levels left

rFire    . . .     SeeInvis .   a - +0 hand axe
rCold    . . .     Gourm    .   (no shield)
rNeg     + . .     Faith    .   b - +0 animal skin
rPois    ∞         Spirit   .   (no helmet)
rElec    +         Reflect  .   (no cloak)
rCorr    .         Harm     .   (no gloves)
MR       .....     Rnd*Tele +   (no boots)
Stlth    +.........             (no amulet)
HPRegen  0.09/turn              j - ring of teleportation (curse)
MPRegen  0.09/turn              (no ring)

@: no status effects
A: negative energy resistance 1, electricity resistance, unbreathing,
petrification resistance, rot immunity, AC +3
a: Berserk, Trog's Hand, Renounce Religion


You were on level 2 of the Dungeon.
You worshipped Trog.
Trog was pleased with you.
You were not hungry.

You visited 1 branch of the dungeon, and saw 2 of its levels.

You collected 46 gold pieces.

Inventory:

Hand Weapons
 a - a +0 hand axe (weapon)
Armour
 b - a +0 animal skin (worn)
Jewellery
 j - a cursed ring of teleportation (left hand)
Scrolls
 f - a scroll of enchant weapon {unknown}
 h - a scroll of remove curse {unknown}
 i - 3 scrolls of identify {unknown}
Potions
 e - 2 potions of heal wounds {unknown}
 g - 3 potions of agility {unknown}
 k - a potion of might {unknown}
 l - a potion of lignification {unknown}
 m - a potion of brilliance {unknown}
Comestibles
 c - 2 rations
 d - a chunk of flesh


   Skills:
 + Level 4.0 Fighting
 + Level 3.3 Axes
 + Level 3.1 Armour
 + Level 2.2 Dodging


You had 3 spell levels left.
You didn't know any spells.
Your spell library was empty.

Dungeon Overview and Level Annotations

Branches:
Dungeon (2/15)

Altars:


Innate Abilities, Weirdness & Mutations

You are resistant to torment.
Your stone body is resilient. (AC +3)
You are immune to poison.
You resist negative energy. (rN+)
You are resistant to electric shocks. (rElec)
You can survive without breathing.
You are immune to petrification.
You are immune to rotting.


Message History

You closely miss the gnoll. You barely miss the gnoll.
You closely miss the gnoll. You hit the hobgoblin. The gnoll barely misses you.
The gnoll hits you but does no damage. The gnoll closely misses you.
The hobgoblin hits you but does no damage.
The hobgoblin closely misses you.
You slash the hobgoblin!
You kill the hobgoblin!
Trog accepts your kill.
You hit the hobgoblin.
You kill the hobgoblin!
Trog accepts your kill.
You hit the gnoll. x2; You barely miss the gnoll.
The gnoll barely misses you. x3
You hit the gnoll.
The gnoll is severely wounded.
You hit the gnoll. x2; You closely miss the gnoll.
The gnoll hits you. The gnoll hits you with a +0 club. The gnoll hits you!
The gnoll hits you.
* * * LOW HITPOINT WARNING * * *
A rat comes into view.
The gnoll hits you.
You die...

.. .....r. .......
... ....... .......
.>#####......# #.....
............# #.....
#####+#####......g..#
#.....
#.........#.........#
#.....
#.........#..gg)....#
#.....
#.........#..g@g....#
###.....
#.........#.........#
#.......
#......%..#.........#
#.......
#..........)........#
#.......
#...÷...............#
#.......
#...................#
######.#
#...................#
##.#
#...................#
##..#
#...................#
###...#


You could see 4 gnolls, a hobgoblin and a rat (wandering).

Vanquished Creatures
  A jelly (D:2)
  2 adders (D:2)
  3 oozes
  A dart slug (D:1)
  A leopard gecko (D:2)
  2 bats (D:1)
  3 goblins
  6 hobgoblins
  6 kobolds
  A frilled lizard (D:2)
  6 rats
32 creatures vanquished.

Notes
Turn   | Place    | Note
-------+----------+-------------------------------------------
     0 | D:1      | Fang the Gargoyle Berserker began the quest for the Orb.
     0 | D:1      | Reached XP level 1. HP: 14/14 MP: 1/1
    28 | D:1      | Reached XP level 2. HP: 13/19 MP: 2/2
   530 | D:1      | Reached XP level 3. HP: 18/23 MP: 3/3
   763 | D:2      | Reached ** piety under Trog
   827 | D:2      | Reached XP level 4. HP: 20/29 MP: 4/4
   843 | D:2      | Reached skill level 4 in Fighting
  1132 | D:2      | Slain by a gnoll

Skill      XL: |  1  2  3  4 |
---------------+-------------+-----
Axes           | 3 |  3.3
Dodging        | 2 |  2.2
Fighting       | 4 |  4.0
Armour         | 3 |  3.1

Action                   |  1- 3 |  4- 6 || total
-------------------------+-------+-------++-------
Melee: Hand axe          |    94 |    22 ||   116
  Eat: Chunk             |       |     1 ||     1
Armor: Animal skin       |    42 |     5 ||    47
Dodge: Dodged            |    63 |    21 ||    84
